AoeStats
← TM Caesar

Arena

507850931Analyzed
1v1 RM · 13d ago on Sep 19, 2026· 55m 1s· 2 players
Game mode
Random Map
Map size
Tiny (2 player)
Population
200
Speed
Normal
Resources
Standard
Victory
Conquest
Starting age
Dark Age
Ending age
Imperial Age
RankedLock teamsTeams togetherTeam positionsShared explorationLock speedFull tech treeHidden civsTurbo modeCheats
Victory
Defeat
🇦🇷 Malay · Argentina
1659
+13
🇬🇧 Gurjaras · United Kingdom
1588
-13
NarKofer
8:20 Feudal Age
10:02 Double-Bit Axe
19:31 Castle Age
17:21 Horse Collar
18:01 Gold Mining
18:50 Bloodlines
21:39 Gold Shaft Mining
21:16 Bow Saw
27:00 Imperial Age
26:55 Forging
27:24 Stone Mining
28:30 Iron Casting
29:40 Chemistry
30:21 Conscription
32:27 Scale Mail Armor
33:26 Elite Chakram Thrower
34:29 Kshatriyas
36:40 Chain Mail Armor
37:15 Wheelbarrow
36:25 Town Watch
38:03 Plate Mail Armor
40:14 Scale Barding Armor
39:50 Light Cavalry
40:30 Husbandry
41:00 Hand Cart
43:15 Hussar
43:55 Husbandry
45:31 Chain Barding Armor
48:31 Plate Barding Armor
49:24 Fletching
TM Caesar
8:58 Feudal Age
8:35 Double-Bit Axe
8:30 Horse Collar
12:59 Loom
16:34 Wheelbarrow
20:02 Castle Age
20:26 Bow Saw
22:53 Fletching
23:07 Town Watch
29:42 Imperial Age
27:39 Bodkin Arrow
27:37 Gold Mining
28:45 Ballistics
28:58 Hand Cart
29:35 Conscription
29:44 Bracer
29:26 Pikeman
30:05 Crossbowman
32:17 Chemistry
31:52 Squires
32:41 Padded Archer Armor
32:20 Arbalester
33:11 Thumb Ring
34:14 Leather Archer Armor
35:37 Ring Archer Armor
35:50 Forging
38:08 Iron Casting
37:24 Halberdier
39:54 Siege Engineers
41:32 Elite Skirmisher
43:48 Blast Furnace
44:49 Guilds
45:54 Treadmill Crane
46:27 Masonry
46:55 Treadmill Crane
50:01 Heavy Plow
50:36 Gold Shaft Mining
49:52 Stone Mining
50:12 Forced Levy
50:12 Arson
49:49 Man-at-Arms
51:26 Long Swordsman
52:02 Two-Handed Swordsman
52:53 Murder Holes
Connection lost

Rejoining the realm…

Still unreachable

The connection could not be restored.

Session expired

The server has moved on; the page needs a fresh start.